Map: 카이로스 정션 - 래더

Players

TYTY (TY) - Winner!

  • Race: Terran Terran
  • League: Diamond
  • Spawn Location: 5:00

Bunny

  • Race: Terran Terran
  • League: Diamond
  • Spawn Location: 11:00

Event: HomeStory Cup XIX

VOD

Have the link to the VOD?

Description

Time

  • Played on: June 28, 2019, 9:29 a.m.
  • Length: 8:36

All games in this series

Show
View Real Time Build Order
Export as new Build Order

TYTY Terran - Winner!

Build Orders: Gas First Reaper Expand, Hellion Opening 

Get SALT Encoding   

  12  0:00  SCV  
  13  0:13  SCV  
  14  0:17  Supply Depot  
  14  0:25  SCV  
  14  0:27  Refinery  
  15  0:39  SCV  
  16  0:44  Barracks  
  16  0:51  SCV  
  17  1:03  SCV  
  18  1:15  SCV  
  19  1:30  Reaper  
  19  1:31  Orbital Command  
  20  1:45  Command Center  
  20  1:53  Factory  
  20  1:57  SCV  
  21  2:05  Supply Depot  
  21  2:06  Barracks Reactor  
  21  2:10  SCV  
  21  2:14  Refinery  
  23  2:22  SCV  
  23  2:35  SCV  
  24  2:41  Starport  
  24  2:47  Hellion x2  
  24  2:49  Barracks Tech Lab  
  24  2:51  SCV  
  28  3:08  Hellion x2  
  32  3:13  Orbital Command  
  32  3:18  SCV  
  33  3:25  Raven  
  35  3:30  SCV, Hellion  
  35  3:33  Hellion  
  40  3:40  SCV  
  41  3:42  SCV  
  41  3:44  Supply Depot  
  42  3:52  SCV  
  42  3:54  SCV  
  42  3:55  Refinery  
  44  3:57  Marine x2  
  44  4:00  Supply Depot  
  46  4:06  SCV  
  46  4:07  Factory Tech Lab  
  46  4:08  Raven  
  49  4:11  SCV  
  50  4:23  SCV  
  48  4:25  SCV  
  48  4:26  Marine  
  48  4:27  Marine  
  41  4:35  Siege Tank, SCV  
  43  4:44  Marine  
  43  4:45  Marine  
  45  4:46  SCV  
  45  4:51  SCV  
  47  4:56  Command Center  
  47  4:58  SCV  
  48  5:01  Supply Depot  
  48  5:03  SCV  
  51  5:09  Siege Tank  
  51  5:10  SCV  
  51  5:13  Viking  
  55  5:17  Viking  
  55  5:19  Marine  
  58  5:21  SCV  
  58  5:23  SCV  
  58  5:28  Refinery  
  60  5:33  SCV  
  60  5:41  Siege Tank  
  63  5:45  Viking  
  64  5:53  Marine  
  64  5:54  SCV x2  
  64  5:56  Liberator  
  64  6:05  Liberator  
  64  6:06  SCV x2  
  64  6:08  Orbital Command  
  68  6:15  Marine  
  70  6:18  SCV  
  70  6:22  Barracks  
  70  6:24  Barracks, SCV  
  75  6:30  SCV  
  76  6:36  SCV  
  76  6:37  Siege Tank  
  81  6:42  Marine  
  81  6:43  SCV  
  81  6:46  Orbital Command  
  82  6:49  Supply Depot  
  82  6:50  Supply Depot  
  82  6:56  Viking  
  84  7:02  SCV  
  85  7:11  Siege Tank, Viking, Marine, SCV  
  85  7:12  Barracks Reactor x2  
  92  7:17  SCV x2  
  94  7:26  Viking  
  94  7:29  Marine  
  94  7:33  SCV x3  
  97  7:41  Viking  
  98  7:45  SCV x3  
  101  7:53  Marine x2  
  101  7:54  Siege Tank, Marine x2  
  108  7:59  Viking  
  108  8:04  Marine  
  105  8:07  SCV x2  
  105  8:11  Marine, Bunker  
  109  8:13  Bunker  
  109  8:23  Engineering Bay  
  109  8:24  Engineering Bay  
Show
View Real Time Build Order
Export as new Build Order

Bunny Terran 

Build Orders: Reaper Expand 

Get SALT Encoding   

  12  0:01  SCV  
  13  0:13  SCV  
  14  0:17  Supply Depot  
  14  0:25  SCV  
  15  0:38  SCV  
  15  0:39  Barracks  
  16  0:43  Refinery  
  16  0:50  SCV  
  17  1:02  SCV  
  18  1:15  SCV  
  19  1:27  Orbital Command, Reaper  
  20  1:41  Command Center  
  20  1:53  SCV, Supply Depot  
  21  1:59  Reaper  
  22  2:04  Refinery  
  22  2:05  SCV  
  23  2:17  SCV  
  23  2:21  Factory  
  24  2:30  SCV  
  24  2:34  Barracks Reactor  
  24  2:42  SCV  
  25  2:53  Orbital Command  
  25  2:54  SCV  
  26  3:05  Factory Tech Lab  
  26  3:06  Starport, SCV  
  26  3:10  Marine x2  
  29  3:16  Bunker  
  29  3:18  SCV  
  29  3:19  SCV  
  31  3:24  Cyclone  
  34  3:29  Marine x2  
  34  3:30  SCV  
  34  3:31  SCV  
  34  3:33  Refinery  
  38  3:42  SCV  
  38  3:43  Starport Tech Lab, SCV  
  38  3:47  Marine x2  
  38  3:48  Supply Depot  
  42  3:55  SCV x2  
  44  4:01  Raven  
  46  4:12  Command Center  
  45  4:17  Siege Tank  
  47  4:26  SCV x2  
  47  4:30  Marine x2  
  49  4:40  SCV x2  
  49  4:44  Raven  
  52  4:46  Refinery  
  52  4:52  SCV x2  
  54  4:54  Supply Depot  
  54  5:02  Marine  
  54  5:06  Supply Depot  
  54  5:15  Siege Tank, Marine, SCV x2, Supply Depot  
  60  5:23  Orbital Command  
  60  5:26  Raven  
  60  5:28  SCV x2  
  64  5:40  Barracks, SCV x2  
  64  5:42  Barracks  
  66  5:44  Barracks Tech Lab  
  63  5:52  Siege Tank  
  66  5:58  SCV x3  
  66  6:02  Engineering Bay  
  66  6:03  Marine, Engineering Bay  
  68  6:04  Stimpack  
  68  6:07  Orbital Command  
  68  6:10  SCV x2  
  70  6:16  Barracks x2  
  70  6:17  Starport Reactor  
  70  6:24  Siege Tank, SCV x2  
  75  6:28  Terran Infantry Weapons Level 1  
  75  6:32  Terran Infantry Armor Level 1  
  73  6:38  Barracks Reactor  
  73  6:39  Marine  
  73  6:40  Marine x2  
  73  6:46  SCV x3  
  79  6:48  Supply Depot  
  78  6:54  Medivac x2  
  78  6:56  Siege Tank  
  78  6:57  Marine x2  
  78  6:58  Marine  
  88  7:06  Marine x2  
  87  7:10  Armory, Supply Depot  
  87  7:15  Marine x5  
  92  7:24  Marine x2  
  92  7:29  Medivac x2  
  88  7:32  Siege Tank  
  88  7:33  Marine x5  
  93  7:42  Marine x2  
  94  7:50  Marine  
  94  7:51  Marine x4  
  97  7:52  SCV x3  
  99  7:59  Marine  
  99  8:00  Marine  
  86  8:08  Marine x2  
  86  8:09  Marine x3  
  93  8:16  SCV x3  
  93  8:17  Marine  
Tags
 
Add a new tag
Caveats
  • Supply blocks, unpowered buildings, or Contaminate may cause inaccurate times.
  • Supply counts are checked every 10 seconds.